 Dungeon Crawl Stone Soup version 0.19.4 (webtiles) character file.

49 vatarom the Insei (level 3, -11/27 HPs)
             Began as an Octopode Transmuter on Feb 3, 2017.
             Mangled by an ogre
             ... wielding a +0 giant club
              (22 damage)
             ... on level 4 of the Dungeon.
             The game lasted 00:03:59 (2027 turns).

vatarom the Insei (Octopode Transmuter)             Turns: 2027, Time: 00:04:00

Health: -11/27     AC:  3    Str:  9    XL:     3   Next: 77%
Magic:  6/6        EV: 13    Int: 15    God:
Gold:   41         SH:  0    Dex: 13    Spells: 2 memorised, 4 levels left

rFire  . . .     SeeInvis .       - Unarmed
rCold  . . .     Gourm    .     (no shield)
rNeg   . . .     Faith    .     (helmet restricted)
rPois  .         Spirit   .     d - amulet of harm
rElec  .         Reflect  .     (no ring)
rCorr  .         Harm     +     (no ring)
MR     .....                    (no ring)
Stlth  ++........               (no ring)
                                (no ring)
                                (no ring)
                                (no ring)
                                (no ring)

@: no status effects
A: almost no armour, stealthy swim, amphibious, 8 rings, constrict 8, icy blue
scales 1, camouflage 1, robust 2, gelatinous body 1
a: no special abilities


You were on level 4 of the Dungeon.
You were not hungry.

You visited 1 branch of the dungeon, and saw 4 of its levels.

You collected 41 gold pieces.

Inventory:

Missiles
 a - 47 arrows
 h - 3 silver tomahawks (quivered)
Jewellery
 d - an amulet of harm (around mantle)
 e - an uncursed ring of teleportation
Wands
 g - a wand of paralysis (12/24)
Scrolls
 i - a scroll of teleportation
Books
 b - a book of Changes

   Spells                             Type                      Level
   a - Beastly Appendage              Transmutation                1
   b - Sticks to Snakes               Transmutation                2
   c - Spider Form                    Transmutation/Poison         3
   d - Ice Form                       Ice/Transmutation            4
   e - Blade Hands                    Transmutation                5
Comestibles
 c - a bread ration
 f - a beef jerky
 l - 3 fruits
 n - a meat ration


   Skills:
 - Level 1.0 Fighting
 - Level 2.0 Dodging
 * Level 4.0 Unarmed Combat
 + Level 2.5 Spellcasting
 + Level 2.3 Transmutations


You had 4 spell levels left.
You knew the following spells:

 Your Spells              Type           Power        Failure   Level  Hunger
a - Beastly Appendage     Tmut           #.....       12%         1    #......
b - Sticks to Snakes      Tmut           #.......     14%         2    ###....


Dungeon Overview and Level Annotations

Branches:
Dungeon (4/15)
 Temple: D:4-7

Altars:
Dithmenos
Yredelemnul
The Shining One


Innate Abilities, Weirdness & Mutations

You cannot wear most types of armour.
You are very stealthy in the water. (Stealth+)
You are amphibious.
You can wear up to eight rings at the same time.
You can use your tentacles to constrict eight enemies at once.
Your skin changes colour to match your surroundings (Stealth+).
Your rubbery body absorbs attacks. (AC +1, EV +1)
You are partially covered in icy blue scales. (AC +2)
You are very robust. (+20% HP)


Message History

The ogre hits you with a giant club.
You barely miss the ogre. Your squeeze misses the ogre.
The ogre is heavily wounded.
The ogre closely misses you.
You tentacle-slap the ogre.
The ogre is severely wounded.
The ogre closely misses you.
You tentacle-slap the ogre.
The ogre is almost dead.
You tentacle-slap the ogre.
The ogre is almost dead.
The ogre misses you.
You tentacle-slap the ogre.
The ogre is almost dead.
The ogre barely misses you.
You barely miss the ogre.
The ogre is almost dead.
The ogre hits you with a giant club!!
Ouch! That really hurt!
You die...

#.#######............ #.#
#............ #.#
#............ #.#
###..##.###### #.#
.....##.# ####.#
####..##.# #<...#
##.##'########
######.######...........#
#......@O..........#
###########..........#
#...O.....+..........#
#.#########..........#
#.# ############ #.# #.#
########## #.# #........#
#.# #........#


You could see an ogre.

Vanquished Creatures
  An adder (D:2)
  3 dart slugs
  An orc (D:4)
  A ball python (D:3)
  3 hobgoblins
  2 jackals (D:4)
  7 bats
  A frilled lizard (D:1)
  5 goblins
  2 kobolds (D:1)
  4 rats
30 creatures vanquished.

Vanquished Creatures (collateral kills)
  A giant cockroach (D:3)
  A frilled lizard (D:1)
  2 kobolds (D:1)
  A rat (D:1)
5 creatures vanquished.

Grand Total: 35 creatures vanquished

Notes
Turn   | Place    | Note
-------+----------+-------------------------------------------
     0 | D:1      | vatarom the Octopode Transmuter began the quest for the Orb.
     0 | D:1      | Reached XP level 1. HP: 13/13 MP: 3/3
   199 | D:1      | Reached XP level 2. HP: 13/18 MP: 5/5
   225 | D:1      | Learned a level 2 spell: Sticks to Snakes
   672 | D:1      | Gained mutation: You are robust. (+10% HP) [potion of mutation]
   672 | D:1      | Gained mutation: You are partially covered in icy blue scales. (AC +2) [potion of mutation]
   672 | D:1      | Gained mutation: You are very robust. (+20% HP) [potion of mutation]
   905 | D:2      | Reached XP level 3. HP: 27/27 MP: 6/6
  1671 | D:3      | Found a basalt altar of Yredelemnul.
  1673 | D:3      | Noticed a profane servitor
  1696 | D:3      | Found a glowing golden altar of the Shining One.
  1701 | D:3      | Noticed an angel
  1850 | D:4      | Found a shadowy altar of Dithmenos.
  1864 | D:4      | Reached skill level 4 in Unarmed Combat
  1931 | D:4      | Noticed an ogre
  2027 | D:4      | Mangled by an ogre

Skill      XL: |  1  2  3 |
---------------+----------+-----
Unarmed Combat | 4 |  4.0
Fighting       | |  1.0
Dodging        | |  2.0
Spellcasting   | |  2.5
Transmutations | |  2.3

Action                   || total
-------------------------++-------
Melee: Unarmed           ||    72
       Constrict         ||    20
       Tentacles         ||     5
       Kick              ||     2
 Cast: Beastly Appendage ||     3
       Sticks to Snakes  ||     6
  Use: Scroll            ||     9
       Potion            ||     3
 Stab: Sleeping          ||     4
  Eat: Chunk             ||     3
       Fruit             ||     1
       Pizza             ||     1
Armor: Skin              ||    13
Dodge: Dodged            ||    39
